 Dungeon Crawl Stone Soup version 0.30.0-19-gbf45117a57 (webtiles) character file.

Game seed: 13816137791617719246

120 qw the Chopper (level 5, -25/32 HPs)
             Began as a Gargoyle Fighter on May 25, 2023.
             Annihilated by an ogre
             ... wielding a +0 giant club
              (28 damage)
             ... on level 3 of the Dungeon.
             The game lasted 00:01:15 (1996 turns).

qw the Chopper (Gargoyle Fighter)                   Turns: 1996, Time: 00:01:16

Health: -25/32     AC: 13    Str: 22    XL:     5   Next: 4%
Magic:  5/5        EV:  9    Int:  6    God:
Gold:   141        SH:  4    Dex:  9    Spells: 4/4 levels left

rFire   . . .        Y - +2 war axe
rCold   . . .        c - +0 buckler
rNeg    + . .        b - +0 scale mail
rPois   inf          a - +0 helmet
rElec   +            m - +0 cloak
rCorr   .            (no gloves)
SInv    .            (no boots)
Will    +....        (no amulet) Stlth
                     (no ring)
HPRegen 0.25/turn    (no ring)
MPRegen 0.09/turn

%: no passive effects
@: no status effects
A: sickness immunity, AC +4, negative energy resistance 1, electricity
resistance, torment resistance 1, petrification resistance, dopey 1,
strong-willed 1
a: no special abilities


You were on level 3 of the Dungeon.
You visited 1 branch of the dungeon, and saw 3 of its levels.

You collected 141 gold pieces.


Innate Abilities, Weirdness & Mutations

You are immune to sickness and miasma.
Your stone body is resilient. (AC +4)
You are immune to poison.
You resist negative energy. (rN+)
You are resistant to electric shocks. (rElec)
You are resistant to unholy torment.
You are immune to petrification.
You are dopey. (Int -2)
You are strong-willed. (Will+)


   Skills:
 - Level 3.2 Fighting
 + Level 4.6 Axes
 - Level 3.2 Armour
 - Level 3.2 Shields


You had 4 spell levels left.
You didn't know any spells.
Your spell library was empty.

Inventory:

Hand Weapons
 h - a +0 mace
 Y - a +2 war axe (weapon)
Armour
 a - a +0 helmet (worn)
 b - a +0 scale mail (worn)
 c - a +0 buckler (worn)
 l - the orb "Ciewnugh" {mayhem, Str+5 Int+3}
   (You found it on level 3 of the Dungeon)

   Str:       It affects your strength (+5).
   Int:       It affects your intelligence (+3).
 m - a +0 cloak (worn)
 q - a +2 chain mail of positive energy
Scrolls
 e - a scroll of identify
 o - a scroll of magic mapping {unknown}
Potions
 d - a potion of might
 f - 2 potions of mutation
 g - a potion of curing {unknown}
 i - a potion of flight {unknown}
 j - a potion of berserk rage {unknown}
 k - a potion of brilliance {unknown}
 n - a potion of heal wounds {unknown}
 p - 2 potions of degeneration {unknown}

Dungeon Overview and Level Annotations

Branches:
Dungeon (3/15)

Altars:
Sif Muna

Shops:
D:1 (

Annotations:
D:2 1 runed translucent door, Crazy Yiuf


Message History

An adder comes into view.
An orc wizard comes into view. It is wielding a +0 dagger.
The ogre moves out of view.
The orc wizard shouts!
Found 6 gold pieces.
You block the orc wizard's attack.
You hit the ogre.
The ogre is lightly wounded.
You barely miss the orc wizard. x2
The orc wizard hits you but does no damage.
You block the ogre's attack. The orc wizard casts a spell at you.
The puff of flame hits you but does no damage.
You hit the ogre but do no damage.
The ogre is lightly wounded.
You slash the orc!
You kill the orc!
You slash the orc wizard! You barely miss the orc wizard.
You block the orc wizard's attack.
The orc wizard gestures at you while chanting.
The magic dart hits you. The ogre completely misses you.
The orc wizard closely misses you. The orc wizard completely misses you.
The adder barely misses you.
You barely miss the orc wizard.
The orc wizard is severely wounded.
You slash the adder! You barely miss the ogre. You miss the orc wizard.
The adder bites you but does no damage.
The ogre hits you with a +0 giant club!!
Ouch! That really hurt!
The orc wizard hits you but does no damage.
The orc wizard closely misses you.
You closely miss the adder.
The adder is almost dead.
You hit the ogre. You hit the orc wizard. You slash the orc wizard!
You kill the orc wizard!
The adder bites you but does no damage. You block the orc wizard's attack.
The adder bites you.
The ogre hits you with a +0 giant club!!
Ouch! That really hurt!
You die...

##...#..
.$..
#.#####
##..#
####.#
....
#..).#
###..#
####.####
.....
#....#
###.[##
#.####
#..OS)#
#.#
#8o@8###.#
##.......#
#########


You could see an ogre, an orc wizard and an adder.

Vanquished Creatures
  2 orc wizards (D:3)
  An adder (D:3)
  3 worms
  4 orcs (D:3)
  4 ball pythons
  9 endoplasms
  2 giant cockroaches (D:3)
  9 hobgoblins
  6 jackals (D:1)
  4 quokkas
  A bat (D:2)
  5 frilled lizards
  7 goblins
  4 kobolds
  6 rats
67 creatures vanquished.

Notes
Turn   | Place    | Note
-------+----------+-------------------------------------------
     0 | D:1      | qw the Gargoyle Fighter began the quest for the Orb.
     0 | D:1      | Reached XP level 1. HP: 14/14 MP: 1/1
     0 | D:1      | 0 ||| qw: Version: 0.2-a-98-g5d7165a
     0 | D:1      | 0 ||| qw: Game counter: 92
     0 | D:1      | 0 ||| qw: Always use a shield: true
     0 | D:1      | 0 ||| qw: God list: Okawaru
     0 | D:1      | 0 ||| qw: Allow faded altars: false
     0 | D:1      | 0 ||| qw: Do Orc after D:15 true
     0 | D:1      | 0 ||| qw: Do second Lair branch before Depths: true
     0 | D:1      | 0 ||| qw: Lair rune preference: random
     0 | D:1      | 0 ||| qw: Plans: Normal, Zot:1-4, God:TSO, Crypt, Tomb,
                  | Pan, Slime:5, Hells, Abyss, Win
     0 | D:1      | 0 ||| PLANNING D:1-11
    58 | D:1      | Reached skill level 2 in Axes
   123 | D:1      | 123 ||| Stepping ~*~*~tactically~*~*~ (stealth).
   125 | D:1      | 125 ||| Stepping ~*~*~tactically~*~*~ (stealth).
   141 | D:1      | Reached XP level 2. HP: 19/19 MP: 2/2
   152 | D:1      | 152 ||| Stepping ~*~*~tactically~*~*~ (hiding).
   332 | D:1      | You fall into a shaft and drop 1 floor!
   392 | D:2      | 392 ||| DROPPING scarf of invisibility.
   393 | D:2      | 393 ||| READING scroll labelled YGGADDI SEFI.
   394 | D:2      | 394 ||| READING scroll labelled KAEHUA RIRCH.
   395 | D:2      | 395 ||| READING scroll labelled QIWUMO QYHUPN.
   396 | D:2      | 396 ||| DRINKING 2 fizzy sapphire potions.
   396 | D:2      | Gained mutation: You are dopey. (Int -2) [potion of
                  | mutation]
   396 | D:2      | Gained mutation: You are strong-willed. (Will+) [potion of
                  | mutation]
   414 | D:1      | 414 ||| Stepping ~*~*~tactically~*~*~ (stealth).
   478 | D:1      | Reached skill level 3 in Axes
   489 | D:1      | Reached XP level 3. HP: 23/23 MP: 3/3
   523 | D:1      | Found Yrumian's Weapon Shop.
   874 | D:1      | 874 ||| UPGRADING to +0 helmet.
   933 | D:2      | 933 ||| Stepping ~*~*~tactically~*~*~ (stealth).
  1035 | D:2      | 1035 ||| READING scroll of enchant weapon.
  1035 | D:2      | 1035 ||| ENCHANTING +1 war axe.
  1239 | D:2      | 1239 ||| Stepping ~*~*~tactically~*~*~ (stealth).
  1253 | D:2      | Reached XP level 4. HP: 28/28 MP: 4/4
  1346 | D:2      | Found a runed translucent door.
  1347 | D:2      | Noticed Crazy Yiuf
  1529 | D:2      | 1529 ||| UPGRADING to +0 cloak.
  1534 | D:2      | 1534 ||| READING 2 scrolls labelled ETAUCU EXKUT.
  1535 | D:2      | 1535 ||| READING scroll labelled QULEOLEC ZECHU.
  1536 | D:2      | 1536 ||| READING scroll labelled JICUALO OTUOK.
  1537 | D:2      | 1537 ||| DROPPING scroll of noise.
  1635 | D:3      | Identified the orb "Ciewnugh" {mayhem, Str+5 Int+3}
  1644 | D:3      | 1644 ||| Stepping ~*~*~tactically~*~*~ (stealth).
  1680 | D:3      | 1680 ||| Stepping ~*~*~tactically~*~*~ (stealth).
  1681 | D:3      | 1681 ||| Stepping ~*~*~tactically~*~*~ (stealth).
  1682 | D:3      | 1682 ||| Stepping ~*~*~tactically~*~*~ (stealth).
  1683 | D:3      | 1683 ||| Stepping ~*~*~tactically~*~*~ (stealth).
  1688 | D:3      | Reached skill level 4 in Axes
  1760 | D:3      | Found a shimmering blue altar of Sif Muna.
  1785 | D:3      | 1785 ||| Stepping ~*~*~tactically~*~*~ (stealth).
  1866 | D:3      | 1866 ||| Stepping ~*~*~tactically~*~*~ (hiding).
  1880 | D:3      | Reached XP level 5. HP: 28/32 MP: 5/5
  1990 | D:3      | Noticed an ogre
  1995 | D:3      | HP: 4/32 [ogre/+0 giant club (24)]
  1996 | D:3      | Annihilated by an ogre

Levels and vault maps discovered:
D:1:      dpeg_arrival_shelter, layout_loops_ring, serial_shops, shop
D:2:      layout_rooms, st_stairs_6, uniq_crazy_yiuf_cottage
D:3:      layout_rooms, led_sif_pool, minitemple

Skill      XL: |  1  2  3  4 |
---------------+-------------+-----
Axes           | 2 3 4 |  4.6
Fighting       | |  3.2
Armour         | |  3.2
Shields        | |  3.2

Action                     |  1- 3 |  4- 6 || total
---------------------------+-------+-------++-------
  Melee: War axe           |   119 |    60 ||   179
    Use: Scroll            |     4 |     3 ||     7
         Potion            |     1 |       ||     1
 Armour: Scale mail        |    54 |    27 ||    81
  Dodge: Dodged            |    51 |    17 ||    68
  Block: Buckler           |    18 |    11 ||    29

Table legend:
 A = Non-vault XP
 B = Vault XP
 C = Vault XP percentage of total XP
 D = Non-vault monster count
 E = Vault monster count
 F = Vault count percentage of total count
                 A         B        C        D         E       F
            +---------+---------+-------+---------+---------+-------
      Total |     203 |       4 |   1.9 |      65 |       2 |   3.0
            +---------+---------+-------+---------+---------+-------
        D:1 |      38 |       0 |   0.0 |      24 |       0 |   0.0
        D:2 |      44 |       4 |   8.3 |      21 |       2 |   8.7
        D:3 |     121 |       0 |   0.0 |      20 |       0 |   0.0
            +---------+---------+-------+---------+---------+-------
